 Dungeon Crawl Stone Soup version 0.31-a0-691-g409c26aa35 (webtiles) character file.

Game seed: 6774383666674117258

809 Dordric the Mimic (level 7, 0/43 HPs)
             Began as an Octopode Shapeshifter on Sept 6, 2023.
             Was an Initiate of Makhleb.
             Slain by a water moccasin (9 damage)
             ... on level 5 of the Dungeon.
             The game lasted 00:04:55 (4400 turns).

Dordric the Mimic (Octopode Shapeshifter)           Turns: 4400, Time: 00:04:55

Health: 0/43       AC:  1    Str: 20    XL:     7   Next: 92%
Magic:  7/7        EV: 13    Int: 12    God:    Makhleb [......]
Gold:   222        SH:  0    Dex: 13    Spells: 6/6 levels left

rFire   . . .        g - +2 whip (flame)
rCold   . . .        (no shield)
rNeg    . . .        (helmet currently unavailable)
rPois   .            (no amulet)
rElec   .            r - +6 ring of strength
rCorr   .            s - ring of flight
SInv    .            (no ring)
Will    .....        (no ring)
Stlth   ++           (no ring)
HPRegen 0.27/turn    (no ring)
MPRegen 0.10/turn    (no ring)
                     (no ring)

%: no passive effects
@: lethally poisoned (0 -> -14), beast-form, flying
A: beast (slay +4), almost no armour, amphibious, 8 rings, camouflage 1,
gelatinous body 1, (nimble swimmer 1), tentacles
a: Begin Untransformation, Renounce Religion


You were on level 5 of the Dungeon.
You worshipped Makhleb.
Makhleb was noncommittal.
You were a hulking beast.
You visited 2 branches of the dungeon, and saw 6 of its levels.

You collected 222 gold pieces.

Inventory:

Hand Weapons
 g - a +2 whip of flaming (weapon)
Missiles
 a - a throwing net
Jewellery
 r - a +6 ring of strength (left tentacle)
 s - a ring of flight (right tentacle)
Talismans
 b - a beast talisman (active)
 c - a flux talisman
Wands
 t - a wand of flame (14)
Scrolls
 d - 2 scrolls of amnesia {unknown}
 e - 2 scrolls of teleportation
 f - a scroll of revelation
 h - 3 scrolls of enchant weapon
 j - 3 scrolls of fear
 l - 3 scrolls of vulnerability
 m - a scroll of blinking {unknown}
Potions
 i - a potion of magic {unknown}
 k - a potion of mutation {unknown}
 n - 3 potions of curing {unknown}
 o - a potion of brilliance {unknown}
 p - a potion of attraction {unknown}
 q - a potion of might {unknown}


   Skills:
 - Level 1.0 Fighting
 - Level 2.0 Dodging
 - Level 3.0 Unarmed Combat
 + Level 8.5 Shapeshifting


You had 6 spell levels left.
You didn't know any spells.
Your spell library contained the following spells:

 Spells                   Type           Power      Damage    Failure   Level
 Lesser Beckoning         Tloc           0%         N/A       45%         2
 Poisonous Vapours        Pois/Air       0%         N/A       45%         2
 Gell's Gravitas          Tloc           0%         N/A       69%         3
 Mephitic Cloud           Conj/Pois/Air  0%         N/A       69%         3
 Teleport Other           Tloc           0%         N/A       69%         3
 Freezing Cloud           Conj/Ice/Air   0%         6-21      100%        5
 Dispersal                Tloc           0%         N/A       100%        6


Dungeon Overview and Level Annotations

Branches:
Dungeon (5/15)             Temple (1/1) D:5

Altars:
Ashenzari
Cheibriados
Dithmenos
Elyvilon
Fedhas
Gozag
Hepliaklqana
Kikubaaqudgha
Makhleb
Nemelex Xobeh
Okawaru
Qazlal
Ru
Sif Muna
Trog
Uskayaw
Vehumet
Wu Jian
Xom
Yredelemnul
Zin
The Shining One


Innate Abilities, Weirdness & Mutations

You are a hulking beast.
Your limbs bulge with bestial killing power. (Slay +4)
You cannot wear most types of armour.
You are amphibious.
You can wear up to eight rings at the same time.
Your skin changes colour to match your surroundings (Stealth+).
Your rubbery body absorbs attacks. (AC +1, EV +1)
((You are camouflaged when in or above water. (Stealth+)))
You have tentacles for arms and can constrict up to eight enemies at once.


Message History

Makhleb accepts your kill.
No target in view!
No target in view!
Found a stone staircase leading up.
Found a hazy altar of Hepliaklqana.
There is an empty arch of ancient stone here.
There is an empty arch of ancient stone here.
There is a stone staircase leading down here.
A water moccasin comes into view.
A water moccasin is nearby!
A water moccasin is nearby!
A water moccasin is nearby!
Found a robe.
The water moccasin hisses angrily.
The water moccasin bites you!
You are poisoned.
The water moccasin poisons you!
You hit the water moccasin. You burn the water moccasin.
Your grab misses the water moccasin. You squeeze the water moccasin.
The water moccasin is moderately wounded.
You feel very sick.
The water moccasin closely misses you. x2
You hit the water moccasin. You burn the water moccasin.
Your grab misses the water moccasin.
The water moccasin is moderately wounded.
You feel very sick. The water moccasin bites you! The water moccasin bites you.
You are lethally poisoned!
The water moccasin poisons you!
You closely miss the water moccasin. Your grab misses the water moccasin.
The water moccasin is moderately wounded.
* * * LOW HITPOINT WARNING * * *
You feel very sick. The water moccasin barely misses you.
You completely miss the water moccasin. Your grab misses the water moccasin.
The water moccasin is moderately wounded.
* * * LOW HITPOINT WARNING * * *
You feel very sick. The water moccasin closely misses you.
The water moccasin bites you!
You die...

.....#.#.._.##_..............#
...(.....#####...#..##########
....[....#######....#
...........#####.#.##
......>..._##._..#.#
#######....##....#.#
#..........#.# #...########.#
#........Sh..# ####
[########## ...# ...# ...#
...# #### # ##


You could see a water moccasin.

Vanquished Creatures
  Sigmund (D:2)
  An ogre (D:4)
  A gnoll sergeant (D:5)
  2 scorpions
  A jelly (D:5)
  A hound (D:5)
  A gnoll bouda (D:5)
  3 iguanas (D:5)
  13 gnolls
  4 adders
  An ufetubus (D:5)
  A dart slug (D:1)
  An orc (D:5)
  3 endoplasms
  5 goblins
  3 hobgoblins
  8 kobolds
  4 quokkas
  2 ball pythons
  11 bats
  2 frilled lizards
  5 rats
74 creatures vanquished.

Notes
Turn   | Place    | Note
-------+----------+-------------------------------------------
     0 | D:1      | Dordric the Octopode Shapeshifter began the quest for the
                  | Orb.
     0 | D:1      | Reached XP level 1. HP: 13/13 MP: 1/1
   180 | D:1      | Reached XP level 2. HP: 18/18 MP: 2/2
   659 | D:2      | Reached skill level 4 in Shapeshifting
   659 | D:2      | Reached XP level 3. HP: 23/23 MP: 3/3
   682 | D:2      | Reached XP level 4. HP: 15/28 MP: 4/4
   977 | D:2      | Noticed Sigmund
   983 | D:2      | Killed Sigmund
   984 | D:2      | Reached skill level 6 in Shapeshifting
   984 | D:2      | Reached XP level 5. HP: 25/33 MP: 5/5
   984 | D:2      | Reached XP level 6. HP: 29/38 MP: 6/6
  2794 | D:4      | Reached skill level 7 in Shapeshifting
  3187 | D:5      | Entered Level 5 of the Dungeon
  3285 | D:5      | Reached XP level 7. HP: 14/43 MP: 7/7
  3293 | D:5      | HP: 2/43 [poisoned by a scorpion]
  3734 | D:5      | Found a sacrificial altar of Ru.
  3734 | D:5      | Found a hide-covered altar of Uskayaw.
  3885 | D:5      | Reached skill level 8 in Shapeshifting
  3980 | D:5      | Found a staircase to the Ecumenical Temple.
  4003 | Temple   | Entered the Ecumenical Temple
  4105 | Temple   | Became a worshipper of Makhleb the Destroyer
  4209 | D:5      | Found a glowing golden altar of the Shining One.
  4212 | D:5      | Found a bloodstained altar of Trog.
  4346 | D:5      | Found a hazy altar of Hepliaklqana.
  4400 | D:5      | Slain by a water moccasin

Illustrated notes

Levels and vault maps discovered:
D:1:      minmay_arrival_five_plusses, layout_basic
D:2:      layout_loops_ring, uniq_sigmund
D:3:      layout_basic, serial_forest, infiniplex_forest_lined_room_2,
          infiniplex_forest_lined_corner, infiniplex_forest_zigzag_2,
          infiniplex_forest_lined_3, infiniplex_forest_lined_ring,
          infiniplex_forest_lined_2, infiniplex_forest_end_double,
          infiniplex_forest_lined_2, infiniplex_forest_zigzag_2,
          infiniplex_forest_clump_curved, minmay_misc_feat_iff,
          minmay_misc_feat_nine_boxes, minmay_misc_feat_ornament
D:4:      layout_basic
D:5:      layout_basic, nicolae_overflow_macrodata_refinement,
          nzn_hepliaklqana_mist_gate, minmay_temple_entry_slanted
Temple:   sentei_temple_godly_chess

Skill      XL: |  1  2  3  4  5  6  7 |
---------------+----------------------+-----
Shapeshifting  | 4 6 7 8 |  8.5
Fighting       | |  1.0
Dodging        | |  2.0
Unarmed Combat | |  3.0

Action                     |  1- 3 |  4- 6 |  7- 9 || total
---------------------------+-------+-------+-------++-------
  Melee: Unarmed           |    17 |       |       ||    17
         Constrict         |     9 |    16 |    10 ||    35
         Tentacles         |     8 |    26 |     9 ||    43
         Whip              |    12 |    92 |    75 ||   179
         Punch             |     1 |     6 |     3 ||    10
    Use: Scroll            |       |     5 |       ||     5
         Potion            |       |       |     1 ||     1
   Stab: Sleeping          |     1 |     8 |     2 ||    11
 Armour: Skin              |     6 |    29 |    55 ||    90
  Dodge: Dodged            |    17 |    30 |    31 ||    78

Table legend: (Time is in decaauts)
 A = Elapsed time spent in this place.
 B = Non-inter-level travel time spent in this place.
 C = Inter-level travel time spent in this place.
 D = Time resting spent in this place.
 E = Time spent auto-exploring this place.
 F = Levels seen in this place.
 G = Mean time per level.
                   A        B        C        D        E       F      G
               +--------+--------+--------+--------+--------+-----+--------+
         Total |   4414 |   4286 |    128 |    216 |   3512 |   6 |  735.7 |
       Dungeon |   4306 |   4184 |    122 |    216 |   3447 |   5 |  861.2 |
        Temple |    108 |    102 |      6 |      0 |     65 |   1 |  108.0 |
               +--------+--------+--------+--------+--------+-----+--------+

Top non-repeatable levels by time:
     D:3: 1167 daAuts
     D:5: 1112 daAuts
     D:2: 881 daAuts
     D:1: 607 daAuts
     D:4: 536 daAuts
  Temple: 108 daAuts
